 Dungeon Crawl Stone Soup version 0.29-a0-380-gf50f0a9fbc (webtiles) character file.

Game seed: 13347760690081679226

3670 siradein the Purveyor of Pain (level 9, -21/64 HPs)
             Began as a Mummy Necromancer on May 6, 2022.
             Was an Initiate of Kikubaaqudgha.
             Demolished by a komodo dragon (22 damage)
             ... on level 8 of the Dungeon.
             The game lasted 00:29:49 (10153 turns).

siradein the Purveyor of Pain (Mummy Necromancer)  Turns: 10153, Time: 00:29:49

Health: -21/64     AC: 23    Str: 11    XL:     9   Next: 89%
Magic:  22/22      EV: -4    Int: 18    God:    Kikubaaqudgha [......]
Gold:   714        SH:  8    Dex: 13    Spells: 14/26 levels left

rFire   + . .      SeeInvis .   g - +2 dagger (pain)
rCold   + + .      Faith    .   r - +0 kite shield
rNeg    + + +      Spirit   .   b - +9 scales of the Dragon King {rPois rF+ rC+ Will+}
rPois   ∞          Reflect  .   (no helmet)
rElec   .          Harm     .   p - +0 cloak
rCorr   .          Rampage  .   n - +0 pair of gloves
Will    ++...                   (no boots)
Stlth   ..........              (no amulet)
HPRegen 0.20/turn               j - ring of protection from fire
MPRegen 0.18/turn               a - +4 ring of slaying

@: no status effects
A: cold resistance 1, negative energy resistance 3, torment resistance 2, heat
vulnerability 1, in touch with death 1, no potions
a: Renounce Religion


You were on level 8 of the Dungeon.
You worshipped Kikubaaqudgha.
Kikubaaqudgha was noncommittal.
You visited 2 branches of the dungeon, and saw 10 of its levels.
You also visited: Bailey.

You collected 714 gold pieces.

Inventory:

Hand Weapons
 g - a +2 dagger of pain (weapon)
Armour
 b - the +9 scales of the Dragon King (worn) {rPois rF+ rC+ Will+}
   (You found it on level 7 of the Dungeon)

   rF:        It protects you from fire.
   rC:        It protects you from cold.
   rPois:     It protects you from poison.
   Will:      It increases your willpower.
 n - a +0 pair of gloves (worn)
 p - a +0 cloak (worn)
 q - +0 steam dragon scales
 r - a +0 kite shield (worn)
Jewellery
 a - a +4 ring of slaying (right hand)
 j - a ring of protection from fire (left hand)
 u - a ring of protection from fire
Wands
 e - a wand of iceblast (9)
 k - a wand of charming (13)
 s - a wand of paralysis (7)
Scrolls
 c - 7 scrolls of identify
 d - 3 scrolls of summoning
 f - 2 scrolls of immolation
 h - 3 scrolls of blinking
 i - a scroll of brand weapon
 l - a scroll of enchant weapon
 m - a scroll of teleportation
 o - 3 scrolls of vulnerability
 t - a scroll of silence


   Skills:
 + Level 3.2 Fighting
 + Level 1.2 Armour
 + Level 3.2 Dodging
 - Level 1.5 Stealth
 + Level 2.7 Shields
 + Level 9.4 Spellcasting
 + Level 10.4 Necromancy
 + Level 2.6 Evocations


You had 14 spell levels left.
You knew the following spells:

 Your Spells              Type           Power      Damage    Failure   Level
a - Pain                  Necr           100%       1d9       100%        1
b - Vampiric Draining     Necr           62%        2d10      100%        3
c - Animate Dead          Necr           31%        N/A       100%        4
d - Dispel Undead         Necr           62%        3d22      100%        4

Your spell library contained the following spells:

 Spells                   Type           Power      Damage    Failure   Level
 Animate Skeleton         Necr           100%       N/A       100%        1
 Freeze                   Ice            32%        1d5       100%        1
 Magic Dart               Conj           32%        1d4       100%        1
 Call Imp                 Summ           8%         N/A       100%        2
 Passwall                 Tmut/Erth      6%         N/A       100%        2
 Static Discharge         Conj/Air       8%         N/A       100%        2
 Frozen Ramparts          Ice            16%        1d3       100%        3
 Gell's Gravitas          Tloc           8%         N/A       100%        3
 Lesser Beckoning         Tloc           8%         N/A       100%        3
 Mephitic Cloud           Conj/Pois/Air  8%         N/A       100%        3
 Summon Guardian Golem    Hex/Summ       8%         N/A       100%        3
 Teleport Other           Tloc           8%         N/A       100%        3
 Hailstorm                Conj/Ice       8%         3d4       100%        4
 Sticky Flame             Conj/Fire      8%         2d3       100%        4
 Summon Ice Beast         Ice/Summ       8%         N/A       100%        4
 Agony                    Necr           62%        N/A       100%        5
 Manifold Assault         Tloc           8%         N/A       100%        5
 Orb of Destruction       Conj           4%         9d5       100%        7
 Spellforged Servitor     Conj/Summ      4%         N/A       100%        7
 Chain Lightning          Conj/Air       4%         3d5       100%        9
 Fire Storm               Conj/Fire      4%         8d1       100%        9
 Shatter                  Erth           4%         3d7*      100%        9
 Ice Form                 Ice/Tmut       Unusable   N/A       N/A         4
 Statue Form              Tmut/Erth      Unusable   N/A       N/A         6

Dungeon Overview and Level Annotations

Branches:
Dungeon (9/15)             Temple (1/1) D:6          Bailey (visited)
   Lair: D:8-11         Orc: D:9-12

Altars:
Ashenzari
Cheibriados
Dithmenos
Elyvilon
Fedhas
Gozag
Hepliaklqana
Kikubaaqudgha
Makhleb
Nemelex Xobeh
Okawaru
Qazlal
Ru
Sif Muna
Trog
Uskayaw
Vehumet
Wu Jian
Xom
Yredelemnul
Zin
The Shining One

Annotations:
D:7 3 runed translucent doors, spaghetti's ghost, novice GnWn


Innate Abilities, Weirdness & Mutations

You are immune to poison.
Your flesh is cold resistant. (rC+)
You are immune to negative energy. (rN+++)
You are immune to unholy pain and torment.
You are vulnerable to heat. (rF-)
You are in touch with the powers of death.
You do not drink.


Message History

You are too injured to fight recklessly!
You are too injured to fight recklessly!
You are too injured to fight recklessly!
You are too injured to fight recklessly!
You closely miss the komodo dragon.
The komodo dragon is lightly wounded.
You block the gnoll's attack. The komodo dragon bites you!
* * * LOW HITPOINT WARNING * * *
You hit the komodo dragon.
The komodo dragon writhes in agony!
The komodo dragon is moderately wounded.
You block the komodo dragon's attack. You block the gnoll's attack.
You hit the komodo dragon but do no damage.
The komodo dragon writhes in agony!
The komodo dragon is heavily wounded.
The gnoll hits you but does no damage.
The komodo dragon bites you but does no damage.
You hit the komodo dragon.
The komodo dragon writhes in agony.
The komodo dragon is severely wounded.
The gnoll hits you from afar with a +0 halberd.
* * * LOW HITPOINT WARNING * * *
The komodo dragon bites you but does no damage.
The gnoll hits you from afar with a +0 halberd.
* * * LOW HITPOINT WARNING * * *
You block the komodo dragon's attack.
Unknown command.
You hit the komodo dragon.
The komodo dragon writhes in agony!
The komodo dragon is almost dead.
The komodo dragon bites you.
* * * LOW HITPOINT WARNING * * *
You block the gnoll's attack.
You barely miss the komodo dragon.
The komodo dragon is almost dead.
You block the gnoll's attack. The komodo dragon bites you!
* * * LOW HITPOINT WARNING * * *
You barely miss the komodo dragon.
The komodo dragon is almost dead.
The water moccasin hisses angrily.
The gnoll hits you but does no damage. The komodo dragon bites you!!
You die...
Kikubaaqudgha rasps: "You have failed me!
Welcome... oblivion!"

.# #.#
....###>######
.P.............#
....#.###.####.#
..... #.# .....
#.### ...........
#...#
PP........g.#####!##
...P......SDoogl@..#
.PP........##g###..#
DP.P..o.. #h# #..#


P.?PP..gh #h# #..# P..PP.gh#####.###..#.# ......SYF.S..........#
.P.###g####.......### #.# #..##...# #># #..####.# You could see a komodo dragon,
a steam dragon, a water moccasin, a gnoll shaman, 2 gnolls and 2 orcs.

Vanquished Creatures
  A wraith (D:7)
  A steam dragon (D:6)
  Menkaure (D:7)
  2 water moccasins
  8 orc warriors
  3 black bears
  An ogre (D:6)
  A phantom (D:7)
  A kobold brigand (D:4)
  2 bullfrogs
  A necrophage (D:6)
  2 gnoll sergeants
  3 scorpions
  4 wights (D:7)
  3 howler monkeys
  7 hounds
  An orc priest (D:3)
  2 jellies (D:6)
  A centaur zombie (D:7)
  Crazy Yiuf (D:5)
  Jessica (D:2)
  6 orc wizards
  4 iguanas
  A mummy (D:7)
  A howler monkey zombie (D:7)
  15 gnolls
  4 adders
  2 white imps
  An ufetubus (D:6)
  2 worms (D:2)
  A dart slug (D:1)
  40 orcs
  7 ball pythons
  5 endoplasms
  A giant cockroach (D:3)
  7 goblins
  12 hobgoblins
  8 jackals
  4 quokkas
  2 bats
  10 frilled lizards
  4 kobolds
  A rat (D:3)
185 creatures vanquished.

Vanquished Creatures (others)
  35 fungi (D:8)
  45 plants
80 creatures vanquished.

Grand Total: 265 creatures vanquished

Notes
Turn   | Place    | Note
-------+----------+-------------------------------------------
     0 | D:1      | siradein the Mummy Necromancer began the quest for the Orb.
     0 | D:1      | Reached XP level 1. HP: 13/13 MP: 4/4
   603 | D:1      | Reached XP level 2. HP: 19/19 MP: 0/6
  1441 | D:2      | Gained mutation: You are in touch with the powers of death.
                  | [Mummy growth]
  1441 | D:2      | Reached XP level 3. HP: 24/24 MP: 0/8
  1445 | D:2      | Learned a level 3 spell: Vampiric Draining
  1810 | D:2      | Noticed Jessica
  1847 | D:2      | Killed Jessica
  1848 | D:2      | Reached XP level 4. HP: 30/30 MP: 5/10
  2157 | D:2      | Reached skill level 5 in Necromancy
  2622 | D:3      | Reached XP level 5. HP: 35/35 MP: 8/12
  2671 | D:3      | Learned a level 4 spell: Animate Dead
  2676 | D:3      | Learned a level 4 spell: Dispel Undead
  2842 | D:3      | Reached skill level 5 in Spellcasting
  3722 | D:4      | Reached skill level 6 in Necromancy
  3722 | D:4      | Reached XP level 6. HP: 41/41 MP: 8/15
  4138 | D:4      | Reached XP level 7. HP: 46/46 MP: 12/16
  4364 | D:5      | Entered Level 5 of the Dungeon
  4408 | D:5      | Reached skill level 7 in Necromancy
  5242 | D:5      | Found a runed translucent door.
  5243 | D:5      | Noticed Crazy Yiuf
  5577 | D:5      | Found a sacrificial altar of Ru.
  5578 | D:5      | Found an ornate altar of the Wu Jian Council.
  5771 | D:5      | Killed Crazy Yiuf
  5862 | D:6      | Reached skill level 8 in Necromancy
  5867 | D:6      | Noticed a steam dragon
  5965 | D:6      | Killed a steam dragon
  5966 | D:6      | Reached XP level 8. HP: 52/52 MP: 9/19
  6495 | D:6      | Reached skill level 9 in Necromancy
  6642 | D:6      | Found a staircase to the Ecumenical Temple.
  6648 | Temple   | Entered the Ecumenical Temple
  6862 | D:6      | Found a radiant altar of Vehumet.
  6865 | D:6      | Found a shadowy altar of Dithmenos.
  7143 | D:6      | Reached skill level 1 in Fighting
  7210 | D:7      | Got the Grimoire of the Displaced Rocks
  7216 | D:7      | Found an ancient bone altar of Kikubaaqudgha.
  7219 | D:7      | Found a transporter.
  7232 | D:7      | Reached skill level 1 in Shields
  7232 | D:7      | Reached skill level 1 in Evocations
  7396 | D:7      | Found a flagged portal.
  7539 | Bailey   | Entered a bailey
  7550 | Bailey   | Reached XP level 9. HP: 34/60 MP: 7/21
  7983 | Bailey   | Identified the -2 tower shield "Orphidy Fecw" {rC++}
  8104 | Bailey   | Reached skill level 10 in Necromancy
  8391 | D:7      | Noticed Menkaure
  8393 | D:7      | Found a basalt altar of Yredelemnul.
  8395 | D:7      | Found the +9 scales of the Dragon King {rPois rF+ rC+
                  | Will+}
  8410 | D:7      | Found a transporter.
  8667 | D:7      | Killed Menkaure
  8681 | D:7      | Became a worshipper of Kikubaaqudgha
  8790 | D:7      | Found a runed translucent gate.
  8790 | D:7      | Found a runed translucent gate.
  8792 | D:7      | Found a runed translucent gate.
  8792 | D:7      | Noticed spaghetti's ghost (novice GnWn)
  9451 | D:8      | Reached skill level 1 in Armour
  9463 | D:8      | Noticed a komodo dragon
  9476 | D:8      | Noticed a two-headed ogre
 10152 | D:8      | HP: 1/64 [komodo dragon (9)]
 10153 | D:8      | Demolished by a komodo dragon

Illustrated notes

Levels and vault maps discovered:
D:1:      lightli_arrival_boilingwater, layout_loops_cross
D:2:      layout_basic, minmay_fractal_squares_gapless_5, uniq_jessica
D:3:      layout_basic, kennysheep_cross_bottleneck, minmay_lizard_king
D:4:      layout_rooms
D:5:      nicolae_cairo_tiling_large_dashed, layout_loops_ring,
          mainiacjoe_overflow_divided_tiny, chequers_serial_rivers_micro_c,
          kennysheep_generic_room_7, uniq_crazy_yiuf_cottage
D:6:      layout_cave_pools, jmf_multi_god_temple, temple_green
D:7:      layout_rooms, gammafunk_temple_of_torment, enter_bailey_4,
          gammafunk_ghost_split, hangedman_glass_teeth, minivault_25
D:8:      lemuel_castle_with_subvaults [lemuel_castle_interior_carwin_2],
          layout_loops_ring, due_lair_maze_entry_diamond
D:9:      layout_stronghold
Temple:   nicolae_temple_x_marks_the_god

Skill      XL: |  1  2  3  4  5  6  7  8  9 |
---------------+----------------------------+-----
Spellcasting   | 3 4 6 7 8 9 |  9.4
Necromancy     | 5 6 8 9 10 | 10.4
Fighting       | 1 3 |  3.2
Dodging        | 2 3 |  3.2
Shields        | 1 2 |  2.7
Evocations     | 1 2 |  2.6
Armour         | 1 |  1.2
Stealth        | |  1.5

Action                   |  1- 3 |  4- 6 |  7- 9 || total
-------------------------+-------+-------+-------++-------
Melee: Dagger            |       |       |   153 ||   153
 Cast: Pain              |    64 |   117 |   171 ||   352
       Vampiric Draining |       |       |    38 ||    38
       Dispel Undead     |       |       |     9 ||     9
  Use: Scroll            |       |     8 |     3 ||    11
Armor: Robe              |     1 |       |     9 ||    10
       Steam dragon scal |       |       |    53 ||    53
       Gold dragon scale |       |       |   138 ||   138
Dodge: Dodged            |     4 |     8 |    85 ||    97
Block: Kite shield       |       |       |   113 ||   113

Table legend: (Time is in decaauts)
 A = Elapsed time spent in this place.
 B = Non-inter-level travel time spent in this place.
 C = Inter-level travel time spent in this place.
 D = Time resting spent in this place.
 E = Time spent auto-exploring this place.
 F = Levels seen in this place.
 G = Mean time per level.
                   A        B        C        D        E       F      G
               +--------+--------+--------+--------+--------+-----+--------+
         Total |  10197 |  10031 |    166 |   1619 |   6647 |  11 |  927.0 |
       Dungeon |   9349 |   9183 |    166 |   1378 |   6220 |   9 | 1038.8 |
        Temple |     61 |     61 |      0 |      0 |     46 |   1 |   61.0 |
        Bailey |    786 |    786 |      0 |    241 |    381 |   1 |  786.0 |
               +--------+--------+--------+--------+--------+-----+--------+

Top non-repeatable levels by time:
     D:2: 1515 daAuts
     D:7: 1459 daAuts
     D:3: 1416 daAuts
     D:5: 1357 daAuts
     D:6: 1181 daAuts
     D:4: 887 daAuts
  Bailey: 786 daAuts
     D:1: 774 daAuts
     D:9: 640 daAuts
     D:8: 117 daAuts
  Temple: 61 daAuts
